 Dungeon Crawl Stone Soup version 0.30-a0-358-g0d69a1922f (webtiles) character file.

Game seed: 1797456227373203842

10439 Engwar the Fighter (level 11, -6/86 HPs)
             Began as a Djinni Hedge Wizard on Nov 10, 2022.
             Was an Initiate of Ashenzari.
             Mangled by a boulder beetle (35 damage)
             ... on level 11 of the Dungeon.
             The game lasted 00:40:20 (12076 turns).

Engwar the Fighter (Djinni Hedge Wizard)           Turns: 12076, Time: 00:40:21

Health: -6/86      AC:  7    Str: 11    XL:     11   Next: 93%
Gold:   1147       EV: 17    Int: 18    God:    Ashenzari [......] SH:  0 Dex: 19

rFire   + + .      SeeInvis .    u - +9 staff of Olgreb {rPois∞, Evo, Self} (curse)
rCold   x . .      Faith    .    (no shield)
rNeg    . . .      Spirit   .    b - +0 robe
rPois   ∞          Reflect  .    H - +1 hat
rElec   .          Harm     .    p - +0 cloak
rCorr   +          Rampage  .    J - +2 pair of gloves
Will    +....                    (boots unavailable)
Stlth   ++........               A - amulet of regeneration
HPRegen 1.14/turn                f - +6 ring of dexterity
MPRegen 0.00/turn                i - ring of resist corrosion

@: flying
A: sickness immunity, fire resistance 2, cold vulnerability 1, float, innate
caster, HP casting, extra vitality 1
a: Renounce Religion, Evoke the Staff of Olgreb, Curse Item, Shatter the Chains


You were on level 11 of the Dungeon.
You worshipped Ashenzari.
Ashenzari was noncommittal.
You visited 2 branches of the dungeon, and saw 12 of its levels.
You also visited: Ossuary.

You collected 1341 gold pieces.
You spent 194 gold pieces at shops.

Inventory:

Hand Weapons
 n - a +2 rapier of flaming
 u - the cursed +9 staff of Olgreb (weapon) {rPois∞, Evo, Self}
   (You acquired it on level 7 of the Dungeon)

   If the wielder is skilled in Evocations, they can envenom those struck by it,
   dealing poison damage which bypasses armour.
   It enhances your poison magic.
   It grants immunity to poison.
   It can be activated via the 'a'bility menu to radiate toxic energy, with
   effectiveness depending on Evocations skill.
   It has a curse which improves the following skills: Evocations: Evocations.
   Introspection: Fighting and Spellcasting.
Missiles
 E - a throwing net
Armour
 b - a +0 robe (worn)
 p - a +0 cloak (worn)
 H - a +1 hat (worn)
 J - a +2 pair of gloves (worn)
Jewellery
 f - a +6 ring of dexterity (left hand)
 i - a ring of resist corrosion (right hand)
 j - a ring of ice
 r - a ring of see invisible
 s - a ring of wizardry
 w - a +6 ring of dexterity
 A - an amulet of regeneration (around neck)
Wands
 m - a wand of paralysis (16)
 o - a wand of flame (30)
 y - a wand of roots (4)
 C - a wand of polymorph (7)
Scrolls
 a - 2 scrolls of summoning
 d - 5 scrolls of fear
 e - 6 scrolls of immolation
 g - 3 scrolls of identify
 h - 4 scrolls of blinking
 t - a scroll of butterflies
 v - a scroll of brand weapon
 B - 2 scrolls of teleportation
 F - a scroll of enchant armour
 I - a scroll of magic mapping
Potions
 c - a potion of lignification
 k - a potion of ambrosia
 l - 3 potions of brilliance
 q - a potion of invisibility
 x - 7 potions of curing
 z - 2 potions of heal wounds
 D - a potion of haste
 G - 3 potions of might
 K - a potion of attraction


   Skills:
 + Level 10.4(10.8) Fighting
 + Level 4.4 Staves
 - Level 8.0 Dodging
 - Level 1.5 Stealth
 + Level 8.5(8.9) Spellcasting
 - Level 5.5(6.0) Evocations


You had 3 spell levels left.
You knew the following spells:

 Your Spells              Type           Power      Damage    Failure   Level
a - Magic Dart            Conj           100%       1d8       1%          1
b - Scorch                Fire           80%        2d9       1%          2
c - Blink                 Tloc           80%        N/A       1%          2
d - Call Imp              Summ           40%        N/A       1%          2
e - Cigotuvi's Dreadful   Necr/Pois/Air  100%       N/A       1%          2
f - Mephitic Cloud        Conj/Pois/Air  57%        N/A       1%          3
g - Sandblast             Erth           80%        2d17      1%          1
h - Slow                  Hex            100%       N/A       1%          1
i - Teleport Other        Tloc           40%        N/A       1%          3
j - Tukima's Dance        Hex            40%        N/A       1%          3
k - Summon Ice Beast      Ice/Summ       40%        N/A       2%          4
Your spell library was empty.

Dungeon Overview and Level Annotations

Branches:
Dungeon (11/15)            Temple (1/1) D:7            Lair (0/5) D:9
Ossuary (visited)
    Orc: D:9-12

Altars:
Ashenzari
Cheibriados
Dithmenos
Elyvilon
Fedhas
Gozag
Hepliaklqana
Makhleb
Nemelex Xobeh
Okawaru
Qazlal
Ru
Trog
Uskayaw
Wu Jian
Xom
Yredelemnul
Zin
The Shining One

Shops:
D:4 *   D:8 ?


Innate Abilities, Weirdness & Mutations

You are immune to sickness and miasma.
You are immune to poison.
Your flesh is very heat resistant. (rF++)
You are vulnerable to cold. (rC-)
You float through the air rather than walking.
You learn spells naturally, not from books.
Your magical power is your life essence.
You have superior vitality. (+4 MHP)


Message History

Flames lash the orc warrior.
The orc warrior is burned terribly!
The orc warrior is heavily wounded.
The orc warrior misses you. The orc warrior completely misses you.
Casting: Scorch (safe; 1% risk of failure)
Confirm with . or Enter, or press ? or * to list all spells.
Flames lash the orc warrior.
The orc warrior is burned terribly!
The orc warrior is almost dead.
The acid dragon completely misses you. The acid dragon claws you.
The orc warrior misses you. The orc warrior closely misses you.
Casting: Scorch (safe; 1% risk of failure)
Confirm with . or Enter, or press ? or * to list all spells.
Flames lash the acid dragon.
The acid dragon is lightly wounded.
The acid dragon's fire resistance burns away.
The acid dragon completely misses you. The acid dragon claws you.
The orc warrior closely misses you. The orc warrior misses you.
Casting: Scorch (safe; 1% risk of failure)
Confirm with . or Enter, or press ? or * to list all spells.
Flames lash the orc warrior but do no damage.
The acid dragon spits acid at you. The splash of acid misses you.
The orc warrior misses you. x2
The acid dragon is no longer more vulnerable to fire.
The orc warrior closely misses you. The acid dragon bites you.
The acid dragon claws you but does no damage.
The orc warrior hits you from afar with a +0 halberd.
The orc warrior misses you.
You see here a wyvern corpse.
As you read the scroll of teleportation, it crumbles to dust.
You feel strangely unstable. The acid dragon closely misses you. x2
The orc warrior hits you from afar with a +0 halberd!
The orc warrior barely misses you.
The boulder beetle curls into a ball and begins rolling!
There is an open door here.
Your surroundings seem slightly different.
Found 8 gold pieces.
The acid dragon spits acid at you. The splash of acid hits you! You resist.
The boulder beetle hits you!!
You die...

?...... .... ###)# #oo)#
######+### #D###
#........# #####'###
#>.(.....####....§..#
'........#..'.......##...
#........#.##...@...'..#
#........'.##....B..####
.JJ.
#........####....°..# ...
########## #.......# ...
#.......# .. #.......# #.
######'## #.# $. #..
#######+### ######+


You could see a boulder beetle (rolling), 2 orc warriors and an acid dragon
(catching breath).

Vanquished Creatures
  A two-headed ogre (D:10)
  A cyclops (D:11)
  Psyche (D:9)
  A troll (D:9)
  A shadow (D:11)
  A wraith (D:10)
  5 yaks
  5 wyverns
  Grum (D:8)
  A water moccasin (D:9)
  A sky beast (D:7)
  4 orc warriors
  6 black bears
  5 ogres
  3 centaurs
  3 wolves
  2 kobold brigands (D:9)
  5 bullfrogs
  2 gnoll sergeants
  A necrophage (D:6)
  12 scorpions
  9 wights (D:9)
  4 howler monkeys
  An electric eel (D:11)
  13 hounds
  4 gnoll boudas
  3 orc priests
  A jelly (D:3)
  4 scorpion zombies (Ossuary)
  Ijyb (D:4)
  4 iguanas
  5 orc wizards
  3 mummies (Ossuary)
  7 adders
  33 gnolls
  A shadow imp (D:7)
  3 white imps
  An ufetubus (D:6)
  2 worms
  25 orcs
  5 bats
  3 bat zombies (D:5)
  2 endoplasms
  4 giant cockroaches
  5 gnoll zombies (Ossuary)
  10 goblins
  14 hobgoblins
  7 jackals
  14 kobolds
  2 quokkas
  9 ball pythons
  2 frilled lizards (D:2)
  A goblin zombie (Ossuary)
  4 hobgoblin zombies (Ossuary)
  2 kobold zombies (Ossuary)
  An orc zombie (Ossuary)
  2 quokka zombies (D:6)
  6 rats
  A rat zombie (D:5)
280 creatures vanquished.

Vanquished Creatures (collateral kills)
  Gastronok (D:9)
  A gargoyle (D:11)
  2 centaurs (D:7)
  An endoplasm (D:1)
  2 jackals (D:1)
  2 quokkas (D:1)
  A frilled lizard (D:1)
  A rat (D:1)
11 creatures vanquished.

Vanquished Creatures (others)
  A bush (D:9)
  2 fungi (D:9)
  19 plants
22 creatures vanquished.

Grand Total: 313 creatures vanquished

Notes
Turn   | Place    | Note
-------+----------+-------------------------------------------
     0 | D:1      | Engwar the Djinni Hedge Wizard began the quest for the Orb.
     0 | D:1      | Engwar set off with the following spells memorised: Magic
                  | Dart, Slow, Blink, Call Imp, Cigotuvi's Dreadful Rot,
                  | Mephitic Cloud.
     0 | D:1      | Reached XP level 1. HP: 15/15 MP: 0/0
   130 | D:1      | Reached XP level 2. HP: 21/22 MP: 0/0
   403 | D:1      | Reached skill level 1 in Fighting
   558 | D:1      | Reached XP level 3. HP: 25/27 MP: 0/0
   558 | D:1      | Learned a level 1 spell: Sandblast
   990 | D:2      | Reached XP level 4. HP: 4/33 MP: 0/0
  1280 | D:2      | Reached skill level 2 in Fighting
  1295 | D:2      | Noticed a scorpion
  1315 | D:2      | Killed a scorpion
  1316 | D:2      | Reached XP level 5. HP: 33/39 MP: 0/0
  1316 | D:2      | Learned a level 2 spell: Scorch
  1609 | D:2      | Found a faded altar of an unknown god.
  2443 | D:3      | Reached XP level 6. HP: 38/45 MP: 0/0
  2572 | D:3      | Reached skill level 3 in Fighting
  2961 | D:4      | Noticed Ijyb
  2969 | D:4      | Killed Ijyb
  2978 | D:4      | Noticed an ogre
  3180 | D:4      | Killed an ogre
  3181 | D:4      | Reached XP level 7. HP: 39/50 MP: 0/0
  3181 | D:4      | Learned a level 3 spell: Teleport Other
  3267 | D:4      | Reached skill level 5 in Dodging
  3379 | D:4      | Found an iron altar of Okawaru.
  3584 | D:4      | Reached skill level 4 in Fighting
  3832 | D:4      | Found Juis's General Store.
  3963 | D:5      | Entered Level 5 of the Dungeon
  4064 | D:5      | Reached XP level 8. HP: 43/58 MP: 0/0
  4254 | D:5      | Reached skill level 5 in Fighting
  4647 | D:5      | Reached skill level 5 in Spellcasting
  4997 | D:6      | Found a sand-covered staircase.
  5012 | Ossuary  | Entered an ossuary
  5261 | Ossuary  | Reached XP level 9. HP: 53/66 MP: 0/0
  5261 | Ossuary  | Learned a level 3 spell: Tukima's Dance
  5365 | Ossuary  | Reached skill level 6 in Fighting
  6328 | D:6      | Reached skill level 7 in Fighting
  6569 | D:7      | Identified a scroll of acquirement
  6569 | D:7      | Acquired the +9 staff of Olgreb {rPois∞}
  6569 | D:7      | Found the +9 staff of Olgreb {rPois∞}
  6869 | D:7      | Reached skill level 1 in Evocations
  7019 | D:7      | Found a staircase to the Ecumenical Temple.
  7032 | Temple   | Entered the Ecumenical Temple
  7133 | Temple   | Became a worshipper of Ashenzari the Shackled
  7285 | D:7      | Reached XP level 10. HP: 67/75 MP: 0/0
  7519 | D:7      | Found a glowing golden altar of the Shining One.
  7574 | D:7      | Found a glowing silver altar of Zin.
  7575 | D:7      | Found an ornate altar of the Wu Jian Council.
  7575 | D:7      | Found a hazy altar of Hepliaklqana.
  7577 | D:7      | Found a sacrificial altar of Ru.
  7578 | D:7      | Found a basalt altar of Yredelemnul.
  7621 | D:7      | Identified the +3 leather armour of the Cricket {Stlth+}
  8290 | D:8      | Reached skill level 8 in Fighting
  8317 | D:8      | Noticed Grum
  8325 | D:8      | Killed Grum
  8711 | D:8      | Found Geowkih's Magic Scroll Emporium.
  8724 | D:8      | Bought a scroll of enchant armour for 97 gold pieces
  8724 | D:8      | Bought a scroll of blinking for 97 gold pieces
  8976 | D:8      | Identified the amulet "Heklamnicey" {RegenMP Will+}
  9734 | D:9      | Reached skill level 5 in Evocations
  9868 | D:9      | Reached skill level 9 in Fighting
  9899 | D:9      | Found a staircase to the Lair.
  9966 | D:9      | Reached XP level 11. HP: 56/84 MP: 0/0
  9966 | D:9      | Learned a level 4 spell: Summon Ice Beast
 10134 | D:9      | Noticed Gastronok
 10288 | D:9      | Reached skill level 1 in Staves
 10469 | D:9      | Noticed Psyche
 10478 | D:9      | Killed Psyche
 10639 | D:9      | Killed Gastronok
 10870 | D:10     | Entered Level 10 of the Dungeon
 10961 | D:10     | Noticed a two-headed ogre
 11098 | D:10     | Reached skill level 10 in Fighting
 11160 | D:10     | Killed a two-headed ogre
 11687 | D:11     | Noticed a boulder beetle
 11976 | D:11     | Noticed a cyclops
 11987 | D:11     | Killed a cyclops
 11997 | D:11     | Acquired 720 gold pieces
 12076 | D:11     | Mangled by a boulder beetle

Illustrated notes

Levels and vault maps discovered:
D:1:      tarquinn_simple_flora_water_d, layout_basic
D:2:      layout_loops_corners, shapermc_ecumenical_altar_petra
D:3:      layout_basic, dreamdust_wishing_well, minmay_misc_feat_roman
D:4:      corexii_shack_village, layout_layer_cave, mainiacjoe_overflow_catwalk,
          serial_shops, kennysheep_mini, uniq_ijyb
D:5:      layout_rooms, lemuel_zombie_altar_kikubaaqudgha
D:6:      layout_loops_corners, enter_ossuary_4
D:7:      layout_cave_pools, minitemple, temple_fountains
D:8:      layout_cave_pools, serial_shops, shop_statue, serial_gnoll_camp,
          gnoll_camp_medium_01, gnoll_camp_mini_hut, grums_kennel,
          gnoll_camp_mini_loothouse, gnoll_camp_mini_doghouse,
          lemuel_flamethrower_2
D:9:      layout_basic, minmay_lair_entry_grove, serial_glass, glass_columns_b,
          glass_columns_c, nicolae_concentric_dashed_squares_wild, hive_lemuel,
          uniq_psyche, uniq_gastronok
D:10:     layout_loops_ring
D:11:     layout_roguey, erik_orc_2, kennysheep_nub
Temple:   compressed_dpeg_triangle_lava_temple

Skill      XL: |  1  2  3  4  5  6  7  8  9 10 11 |
---------------+----------------------------------+-----
Fighting       | 1 2 3 4 5 7 9 10 | 10.4
Dodging        | 3 4 5 6 8 |  8.0
Spellcasting   | 3 4 5 6 7 8 |  8.5
Evocations     | 2 5 |  5.5
Staves         | 4 |  4.4
Stealth        | |  1.5

Action                   |  1- 3 |  4- 6 |  7- 9 | 10-12 || total
-------------------------+-------+-------+-------+-------++-------
Melee: Dagger            |       |     2 |       |       ||     2
       Rapier            |       |       |    11 |       ||    11
       Staff             |       |       |     2 |     8 ||    10
 Cast: Magic Dart        |    64 |    97 |   148 |   150 ||   459
       Call Imp          |     3 |     2 |     1 |     2 ||     8
       Mephitic Cloud    |       |     4 |     4 |     9 ||    17
       Scorch            |       |    27 |   164 |   228 ||   419
       Blink             |       |       |     1 |     1 ||     2
       Tukima's Dance    |       |       |     1 |     5 ||     6
       Summon Ice Beast  |       |       |       |     7 ||     7
Invok: Curse Item        |       |       |       |     1 ||     1
 Abil: Evoke the Staff o |       |       |       |     2 ||     2
  Use: Scroll            |       |    10 |     9 |    10 ||    29
       Potion            |       |       |     1 |       ||     1
Armor: Robe              |     5 |     5 |    19 |    13 ||    42
Dodge: Dodged            |    17 |     6 |   100 |   126 ||   249

Table legend: (Time is in decaauts)
 A = Elapsed time spent in this place.
 B = Non-inter-level travel time spent in this place.
 C = Inter-level travel time spent in this place.
 D = Time resting spent in this place.
 E = Time spent auto-exploring this place.
 F = Levels seen in this place.
 G = Mean time per level.
                   A        B        C        D        E       F      G
               +--------+--------+--------+--------+--------+-----+--------+
         Total |  12114 |  11513 |    601 |    810 |   8163 |  13 |  931.8 |
       Dungeon |  11366 |  10780 |    586 |    654 |   7997 |  11 | 1033.3 |
        Temple |    117 |    102 |     15 |      0 |     56 |   1 |  117.0 |
       Ossuary |    629 |    629 |      0 |    156 |    110 |   1 |  629.0 |
               +--------+--------+--------+--------+--------+-----+--------+

Top non-repeatable levels by time:
     D:8: 1516 daAuts
     D:9: 1507 daAuts
     D:7: 1319 daAuts
     D:2: 1208 daAuts
     D:6: 1028 daAuts
     D:4: 1015 daAuts
     D:1: 975 daAuts
     D:5: 865 daAuts
     D:3: 847 daAuts
 Ossuary: 629 daAuts
    D:10: 622 daAuts
    D:11: 460 daAuts
  Temple: 117 daAuts
